 Dungeon Crawl Stone Soup version 0.31.0-11-ge490571c62 (webtiles) character file.

Game seed: 9476884613053846040

218046 gengaozo the Slayer (level 19, -5/254 HPs)
             Began as an Oni Cinder Acolyte on Jan 24, 2024.
             Was an Elder of Ignis.
             Slain by an alligator snapping turtle (27 damage)
             ... on level 4 of the Shoals on Feb 7, 2024.
             The game lasted 01:19:45 (37818 turns).

gengaozo the Slayer (Oni Cinder Acolyte)           Turns: 37818, Time: 01:19:45

Health: -5/254     AC: 16    Str: 23    XL:     19   Next: 10%
Magic:  11/11      EV: 15    Int: 18    God:    Ignis [****..]
Gold:   1648       SH:  5    Dex: 10    Spells: 18/20 levels left

rFire   + + +        C - +4 great mace of Temperance {speed, rCorr MP-9 Int+3 Stlth+}
rCold   . . .        (shield currently unavailable)
rNeg    . . .        o - +0 fire dragon scales
rPois   .            (helmet unavailable)
rElec   +            K - +1 cloak
rCorr   +            (gloves unavailable)
SInv    +            (boots unavailable)
Will    +....        Z - amulet "Oriduc" {Reflect rElec SH+5} Stlth
                     B - +5 ring of evasion
HPRegen 0.62/turn    X - ring of Idealism {Fly rC+ Slay+4 SInv}
MPRegen 0.12/turn

%: reflection, clarity
@: flying, studying 2 skills
A: large, unfitting armour, horns 3, tough skin 1, double potion healing,
drunken brawling, iridescent scales 1, clarity, robust 1, electricity
resistance, MP-powered wands
}: 1/15 runes: gossamer
a: Renounce Religion, Fiery Armour, Foxfire Swarm


You were on level 4 of the Shoals.
You worshipped Ignis.
Ignis was greatly pleased with you.
You visited 6 branches of the dungeon, and saw 31 of its levels.
You also visited: Ossuary, Bailey and Ice Cave.

You collected 3392 gold pieces.
You spent 1744 gold pieces at shops.

Inventory:

Hand Weapons
 C - the +4 great mace of Temperance (weapon) {speed, rCorr MP-9 Int+3 Stlth+}
   (You acquired it on level 10 of the Dungeon)

   Int+3:     It affects your intelligence (+3).
   MP-9:      It affects your magic capacity (-9).
   rCorr:     It protects you from acid and corrosion.
   Stlth+:    It makes you more stealthy.
 G - a +1 demon whip of freezing
Missiles
 N - 60 large rocks
 P - 3 throwing nets
 S - 15 silver javelins
 W - 7 curare-tipped darts
Armour
 o - +0 fire dragon scales (worn)
 K - a +1 cloak (worn)
Jewellery
 h - a ring of poison resistance
 k - a ring of positive energy
 q - an amulet of guardian spirit
 x - an amulet of regeneration
 y - a ring of the Octopus King {rC+ HP+2 AC+2 EV+2 SH+2}
   (You found it on level 2 of the Shoals)

   [ring of protection from cold]

   AC+2:      It affects your AC (+2).
   EV+2:      It affects your evasion (+2).
   rC+:       It protects you from cold.
   HP+2:      It affects your health (+2).
   SH+2:      It affects your SH (+2).
 B - a +5 ring of evasion (left hand)
 F - a ring of resist corrosion
 R - a ring of protection from cold
 X - the ring of Idealism (right hand) {Fly rC+ Slay+4 SInv}
   (You acquired it on level 2 of the Lair of Beasts)

   [ring of slaying]

   Slay+4:    It affects your accuracy & damage with ranged weapons and melee
   (+4).
   rC+:       It protects you from cold.
   SInv:      It lets you see invisible.
   Fly:       It grants you flight.
 Z - the amulet "Oriduc" (around neck) {Reflect rElec SH+5}
   (You bought it in a shop on level 2 of the Orcish Mines)

   [amulet of reflection]

   Reflect:   It reflects blocked missile attacks.
   rElec:     It insulates you from electricity.
   SH+5:      It affects your SH (+5).
Wands
 b - a wand of mindburst (13)
 g - a wand of paralysis (16)
 r - a wand of digging (4)
 z - a wand of flame (13)
 Q - a wand of roots (13)
 T - a wand of acid (15) (quivered)
Scrolls
 a - 4 scrolls of vulnerability
 t - a scroll of brand weapon
 u - 5 scrolls of immolation
 v - 2 scrolls of fog
 w - a scroll of blinking
 E - 3 scrolls of amnesia
 H - a scroll of teleportation
 J - 2 scrolls of enchant weapon
 O - 14 scrolls of identify
 U - 5 scrolls of revelation
 Y - 3 scrolls of butterflies
Potions
 c - 6 potions of attraction
 d - 4 potions of magic
 e - 8 potions of heal wounds
 f - 6 potions of ambrosia
 i - 2 potions of cancellation
 l - 4 potions of invisibility
 m - 9 potions of curing
 n - 5 potions of berserk rage
 p - 6 potions of mutation
 s - 6 potions of lignification
 A - 4 potions of haste
 D - 7 potions of might
 I - a potion of resistance
 M - 5 potions of brilliance
Miscellaneous
 L - a box of beasts
 V - a tin of tremorstones (2/2)


   Skills:
 - Level 23.0 Fighting
 - Level 20.0 Maces & Flails
 + Level 8.3 Armour
 - Level 10.0 Dodging
 - Level 17.2 Shields
 - Level 1.2 Spellcasting
 - Level 5.0 Fire Magic


You had 18 spell levels left.
You knew the following spells:

 Your Spells              Type           Power      Damage    Failure   Level
a - Scorch                Fire           38%        2d6       10%         2

Your spell library contained the following spells:

 Spells                   Type           Power      Damage    Failure   Level
 Apportation              Tloc           2%         N/A       45%         1
 Necrotise                Necr           4%         1d4       45%         1
 Sting                    Conj/Alch      4%         1d3       45%         1
 Summon Small Mammal      Summ           4%         N/A       45%         1
 Volatile Blastmotes      Fire/Tloc      20%        2d11      50%         3
 Ensorcelled Hibernation  Hex/Ice        2%         N/A       61%         2
 Jinxbite                 Hex            2%         N/A       61%         2
 Mercury Vapours          Alch/Air       2%         N/A       61%         2
 Static Discharge         Conj/Air       2%         3-4/arc   61%         2
 Sublimation of Blood     Necr           1%         N/A       61%         2
 Call Canine Familiar     Summ           1%         N/A       83%         3
 Dazzling Flash           Conj/Hex       2%         N/A       83%         3
 Fugue of the Fallen      Necr           1%         N/A       83%         3
 Ozocubu's Armour         Ice            1%         N/A       83%         3
 Passwall                 Erth           1%         N/A       83%         3
 Stone Arrow              Conj/Erth      2%         3d7       83%         3
 Swiftness                Air            1%         N/A       83%         3
 Summon Blazeheart Golem  Fire/Summ      10%        N/A       88%         4
 Airstrike                Air            0%         2d(1-17)  99%         4
 Animate Armour           Summ/Erth      2%         N/A       99%         4
 Cause Fear               Hex            0%         N/A       99%         4
 Manifold Assault         Tloc           1%         N/A       99%         4
 Olgreb's Toxic Radiance  Alch           1%         N/A       99%         4
 Petrify                  Alch/Erth      1%         N/A       99%         4
 Summon Lightning Spire   Summ/Air       1%         N/A       99%         4
 Fireball                 Conj/Fire      5%         3d5       99%         5
 Alistair's Intoxication  Alch           0%         N/A       100%        5
 Borgnjor's Vile Clutch   Necr/Erth      0%         N/A       100%        5
 Irradiate                Conj/Alch      0%         3d11      100%        5
 Summon Forest            Summ/Tloc      0%         N/A       100%        5
 Summon Mana Viper        Hex/Summ       1%         N/A       100%        5
 Yara's Violent Unravell  Hex/Alch       0%         3d3       100%        5
 Eringya's Noxious Bog    Alch           0%         4d6       100%        6
 Starburst                Conj/Fire      5%         6d4       100%        6
 Summon Cactus Giant      Summ           0%         N/A       100%        6
 Enfeeble                 Hex            0%         N/A       100%        7
 Summon Hydra             Summ           0%         N/A       100%        7
 Lehudib's Crystal Spear  Conj/Erth      0%         10d2      100%        8
 Maxwell's Capacitive Co  Air            0%         ∞         100%        8
 Dragon's Call            Summ           0%         N/A       100%        9


Dungeon Overview and Level Annotations

Branches:
Dungeon (15/15)            Temple (1/1) D:4            Lair (5/5) D:11
 Shoals (4/4) Lair:3       Spider (4/4) Lair:3        Slime (0/5) Lair:4
    Orc (2/2) D:12            Elf (0/3) Orc:2        Vaults (0/5) D:13
 Depths (0/4) D:15        Ossuary (visited)          Bailey (visited)
  IceCv (visited)

Altars:
Ashenzari
Cheibriados
Dithmenos
Elyvilon
Fedhas
Gozag
Hepliaklqana
Kikubaaqudgha
Makhleb
Nemelex Xobeh
Okawaru
Qazlal
Ru
Sif Muna
Trog
Uskayaw
Vehumet
Wu Jian
Xom
Yredelemnul
Zin
The Shining One
Jiyva

Shops:
D:1 [   D:3 (   D:9 !   D:13 [   D:15 (   Orc:2 (=![   Shoals:3 :

Annotations:
D:9 2 transporters
Spider:3 3 runed translucent doors, Feguytzu's ghost, journeyman GrMo
Spider:4 exclusion: 3 doors


Innate Abilities, Weirdness & Mutations

You are too large for most types of armour.
You have a pair of large horns on your head.
You have tough skin. (AC +1)
You gain doubled healing and magic from potions.
Whenever you drink a healing potion, you attack all around you.
You are partially covered in iridescent scales. (AC +2)
You possess an exceptional clarity of mind.
You are robust. (+10% HP)
You are resistant to electric shocks. (rElec)
You expend magic power (3 MP) to strengthen your wands.


Message History

The water elemental engulfs you in water!
You hit the water elemental.
The water elemental is lightly damaged.
* * * LOW HITPOINT WARNING * * *
Your lungs strain for air!
The water elemental misses you.
You closely miss the water elemental. You headbutt the water elemental!!
The water elemental is heavily damaged.
* * * LOW HITPOINT WARNING * * *
Your lungs strain for air!
The merfolk closely misses you.
You barely miss the water elemental.
Your headbutt misses the water elemental.
The water elemental is heavily damaged.
* * * LOW HITPOINT WARNING * * *
Your lungs strain for air!
The water elemental closely misses you.
You hit the water elemental. You headbutt the water elemental!
The water elemental is almost destroyed.
* * * LOW HITPOINT WARNING * * *
Your lungs strain for air!
You sock the water elemental!
You destroy the water elemental!
The water engulfing you falls away.
You gasp with relief as air once again reaches your lungs.
The alligator snapping turtle attacks as it pursues you!
You block the alligator snapping turtle's attack.
The alligator snapping turtle attacks as it pursues you!
The alligator snapping turtle misses you.
The alligator snapping turtle attacks as it pursues you!
The alligator snapping turtle bites you but does no damage.
The alligator snapping turtle misses you.
The alligator snapping turtle attacks as it pursues you!
The alligator snapping turtle bites you but does no damage.
The alligator snapping turtle attacks as it pursues you!
The alligator snapping turtle bites you from afar!!
* * * LOW HITPOINT WARNING * * *
The alligator snapping turtle attacks as it pursues you!
The alligator snapping turtle bites you from afar!!
You die...

~ #~~~≈~..#~~~~~~###~#~ ~~
#~~#~#~~#~~..~~~##≈~ ~~.
##≈~~~≈~##~...~##~~#~ ~~..
##m#~#~###....~~#~~~≈ ~~...
#t~~≈~~~#....~~##~~~#
~~~..~##~E~##~##.~..~~~~####
~~~~~~~~#######..~~~~~≈~..##
~~~~~~~~~######~≈≈~~≈≈≈≈.†..
≈≈≈≈≈≈≈≈~t~@~~~≈≈≈≈≈≈≈≈≈≈≈..
≈≈≈≈≈≈≈≈≈≈≈≈≈≈≈≈≈≈≈≈≈≈≈≈≈≈≈≈
≈≈≈≈≈≈≈≈≈≈≈≈≈≈≈≈≈≈≈≈≈≈≈≈≈≈≈≈
≈≈≈≈≈≈≈≈≈≈≈≈≈≈≈≈≈≈≈≈≈≈≈≈≈≈≈≈
≈≈≈≈≈≈≈≈≈≈≈≈≈≈≈≈≈≈≈≈≈≈≈≈≈≈≈≈
≈≈≈≈≈≈≈≈≈≈≈≈≈≈≈≈≈≈≈≈≈≈≈≈≈≈≈≈
≈≈≈≈≈≈≈≈≈≈≈≈≈≈≈≈≈≈≈≈≈≈≈≈≈≈≈
#################


You could see an alligator snapping turtle.

Vanquished Creatures
  Jorgrun (D:13)
  The ghost of Ashen the Thrower, an adept GnEn of Uskayaw (Shoals:1)
  7 emperor scorpions
  A frost giant (Shoals:3)
  4 ghost moths (Spider:4)
  2 broodmothers
  5 spark wasps
  2 merfolk javelineers (Shoals:4)
  4 entropy weavers
  A fire dragon (D:15)
  10 merfolk impalers
  A quicksilver dragon zombie (D:15)
  3 vault guards
  4 radroaches
  6 ogre magi
  6 hydras
  2 jorogumos (Spider:3)
  7 boulder beetles
  4 merfolk aquamancers (Shoals:4)
  A death knight (D:14)
  10 centaur warriors
  4 catoblepae
  7 two-headed ogres
  A tengu warrior (D:11)
  A dancing weapon (Shoals:1)
  13 demonic crawlers
  3 death yaks (Lair:5)
  A hell hog (Lair:5)
  A vampire mage (D:15)
  A satyr (Shoals:2)
  An orc high priest (Orc:1)
  3 skysharks
  Sonja (Lair:4)
  Nergalle (Orc:2)
  Amaemon (D:10)
  6 skeletal warriors
  Lodul (D:10)
  6 pharaoh ants
  11 orb spiders
  A necromancer (D:15)
  10 sea snakes
  An orc knight (D:15)
  A phantasmal warrior (D:14)
  Pikel (D:5)
  4 deep elf pyromancers
  5 steelbarb worms
  10 fauns (Shoals:2)
  16 harpies
  10 ugly things
  27 wolf spiders
  5 orc sorcerers (Orc:2)
  17 manticores
  13 cyclopes
  9 torpor snails
  9 black mambas
  7 moths of wrath
  8 meliai
  2 kobold blastminers (Orc:2)
  2 ice statues (IceCv)
  8 elephants
  6 merfolk sirens
  8 water nymphs
  7 cane toads
  An orange demon (D:11)
  4 rime drakes
  3 unseen horrors (D:13)
  An efreet (D:13)
  6 komodo dragons
  4 yaktaurs (D:15)
  3 tengu conjurers
  A freezing wraith (D:15)
  10 trolls
  2 ice devils (Orc:2)
  10 polar bears
  11 wind drakes
  3 hornets (Spider:4)
  Prince Ribbit (D:8)
  18 merfolk
  2 raiju (Lair:5)
  26 tarantellas
  5 blink frogs
  3 snapping turtles
  12 dream sheep
  A centaur simulacrum (D:11)
  23 jumping spiders
  A slime creature (D:11)
  5 wyverns
  A vampire (D:11)
  4 shadows
  5 humans (Bailey)
  20 culicivoras
  6 water elementals
  13 yaks
  8 wargs
  A steam dragon (D:9)
  11 basilisks
  58 redbacks
  21 vampire mosquitoes
  18 water moccasins
  An acid dragon (D:10)
  13 hell hounds (Lair:5)
  14 black bears
  13 orc warriors
  2 ice beasts (D:6)
  A sky beast (D:8)
  18 ogres
  35 wolves
  13 centaurs
  2 lemures (D:5)
  30 bullfrogs
  2 kobold brigands (D:12)
  8 earth elementals (D:12)
  A gnoll sergeant (D:12)
  A cane toad simulacrum (IceCv)
  3 scorpions
  7 wights
  16 killer bees
  9 howler monkeys
  4 electric eels
  A bombardier beetle (D:3)
  3 hounds
  8 jellies
  7 orc priests
  A gnoll bouda (D:6)
  4 iguanas
  Jessica (D:2)
  41 orc wizards
  9 hell rats (Lair:4)
  A polar bear simulacrum (IceCv)
  2 wolf simulacra (IceCv)
  8 mummies (Ossuary)
  9 adders
  12 gnolls
  3 dart slugs
  2 ribbon worms (D:2)
  67 orcs
  13 endoplasms
  2 giant cockroaches (D:1)
  A gnoll zombie (Ossuary)
  13 goblins
  6 hobgoblins
  2 jackals (D:2)
  5 kobolds
  6 quokkas
  8 ball pythons
  4 bats
  5 frilled lizards
  A goblin zombie (D:6)
  2 hobgoblin zombies (Ossuary)
  3 kobold zombies (Ossuary)
  2 orc zombies (Ossuary)
  A quokka zombie (D:6)
  6 rats
1106 creatures vanquished.

Vanquished Creatures (others)
  An ugly thing (IceCv)
  A meliai (Spider:4)
  2 merfolk (Shoals:4)
  2 orc wizards
  25 foxfires
31 creatures vanquished.

Grand Total: 1137 creatures vanquished

Notes
Turn   | Place    | Note
-------+----------+-------------------------------------------
     0 | D:1      | gengaozo the Oni Cinder Acolyte began the quest for the
                  | Orb.
     0 | D:1      | Reached XP level 1. HP: 24/24 MP: 2/2
    34 | D:1      | Found Hajafet's Antique Armour Shop.
   116 | D:1      | Found a faded altar of an unknown god.
   125 | D:1      | Reached XP level 2. HP: 16/33 MP: 3/3
   473 | D:1      | Reached skill level 5 in Fighting
   924 | D:2      | Reached XP level 3. HP: 37/42 MP: 4/4
   927 | D:2      | Learned a level 2 spell: Scorch
  1008 | D:2      | Noticed Jessica
  1014 | D:2      | Killed Jessica
  1015 | D:2      | Reached skill level 6 in Fighting
  1189 | D:2      | Found an ancient bone altar of Kikubaaqudgha.
  1222 | D:2      | Reached XP level 4. HP: 47/52 MP: 0/5
  1972 | D:3      | Reached XP level 5. HP: 59/59 MP: 0/6
  2351 | D:3      | Found a transporter.
  2353 | D:3      | Found Vueff's Weapon Boutique.
  2697 | D:3      | Found a transporter.
  3187 | D:4      | Found a staircase to the Ecumenical Temple.
  3232 | D:4      | Reached XP level 6. HP: 57/67 MP: 2/7
  3541 | D:4      | Reached skill level 5 in Maces & Flails
  3968 | D:4      | Reached XP level 7. HP: 75/75 MP: 1/8
  4154 | D:5      | Entered Level 5 of the Dungeon
  4188 | Temple   | Entered the Ecumenical Temple
  4461 | D:5      | Reached skill level 5 in Fire Magic
  4690 | D:5      | Found a broken altar of Ashenzari.
  4692 | D:5      | Found a snail-covered altar of Cheibriados.
  4700 | D:5      | Noticed Pikel
  4795 | D:5      | HP: 1/75 [Pikel/+1 whip of electrocution (17)]
  4796 | D:5      | Killed Pikel
  4797 | D:5      | Reached skill level 9 in Fighting
  4797 | D:5      | Reached XP level 8. HP: 3/92 MP: 2/9
  5446 | D:6      | Reached skill level 10 in Fighting
  5604 | D:6      | Reached skill level 11 in Fighting
  5698 | D:6      | Reached skill level 12 in Fighting
  5698 | D:6      | Reached XP level 9. HP: 89/106 MP: 7/10
  5729 | D:6      | Noticed a troll
  5737 | D:6      | Killed a troll
  5839 | D:6      | Found a sand-covered staircase.
  5861 | Ossuary  | Entered an ossuary
  6126 | D:6      | Identified the +0 robe "Huxaowki" {Str+5}
  6525 | D:6      | Reached skill level 13 in Fighting
  6542 | D:6      | Reached skill level 5 in Shields
  7362 | D:8      | Noticed a two-headed ogre
  7381 | D:8      | Reached skill level 14 in Fighting
  7381 | D:8      | Reached XP level 10. HP: 118/122 MP: 11/11
  7388 | D:8      | Killed a two-headed ogre
  7868 | D:8      | Noticed Prince Ribbit
  7891 | D:8      | Killed Prince Ribbit
  7964 | D:9      | Found a transporter.
  8049 | D:9      | Reached skill level 15 in Fighting
  8167 | D:9      | Noticed a cyclops
  8173 | D:9      | Killed a cyclops
  8174 | D:9      | Reached skill level 10 in Shields
  8306 | D:9      | Found Jallot's Distillery.
  8316 | D:9      | Bought a potion of enlightenment for 70 gold pieces
  8316 | D:9      | Bought 2 potions of heal wounds for 140 gold pieces
  8316 | D:9      | Bought a potion of heal wounds for 70 gold pieces
  8316 | D:9      | Bought a potion of mutation for 112 gold pieces
  8492 | D:9      | Found a transporter.
  8492 | D:9      | Noticed a boulder beetle
  8626 | D:9      | Noticed a two-headed ogre
  8637 | D:9      | Killed a two-headed ogre
  8638 | D:9      | Reached skill level 16 in Fighting
  8638 | D:9      | Reached XP level 11. HP: 75/136 MP: 12/12
  8859 | D:10     | Entered Level 10 of the Dungeon
  8909 | D:10     | Noticed Lodul
  9046 | D:10     | Reached skill level 17 in Fighting
  9190 | D:10     | Found a flagged portal.
  9195 | Bailey   | Entered a bailey
  9303 | Bailey   | Noticed a vault guard
  9322 | Bailey   | Noticed a vault guard
  9329 | Bailey   | Killed a vault guard
  9330 | Bailey   | Reached skill level 18 in Fighting
  9434 | Bailey   | Killed a vault guard
  9625 | D:10     | Killed Lodul
 10471 | D:11     | Found a staircase to the Lair.
 10497 | D:11     | Noticed Amaemon
 10546 | D:10     | Killed Amaemon
 10627 | D:10     | Identified a scroll of acquirement
 10627 | D:10     | Acquired the +4 great mace of Temperance {speed, rCorr MP-9
                  | Int+3 Stlth+}
 10686 | D:11     | Noticed a cyclops
 10695 | D:11     | Killed a cyclops
 10696 | D:11     | Reached skill level 19 in Fighting
 10696 | D:11     | Reached XP level 12. HP: 153/154 MP: 13/13
 10838 | D:11     | Noticed a centaur warrior
 10857 | D:11     | Killed a centaur warrior
 10898 | D:11     | Noticed an ogre mage
 11209 | D:12     | Noticed a catoblepas
 11729 | Lair:1   | Entered Level 1 of the Lair of Beasts
 11756 | Lair:1   | Reached skill level 20 in Fighting
 12522 | Lair:1   | Reached XP level 13. HP: 152/165 MP: 14/14
 12706 | Lair:1   | Found a hide-covered altar of Uskayaw.
 13246 | Lair:2   | Acquired the ring of Idealism {Fly rC+ Slay+4 SInv}
 14236 | Lair:3   | Identified the +5 quarterstaff of the Grave {flame, ^Contam
                  | Will++ rCorr Str+3}
 14384 | Lair:3   | Reached skill level 15 in Shields
 14652 | Lair:3   | Found a staircase to the Shoals.
 14703 | Lair:3   | Reached skill level 10 in Maces & Flails
 14733 | Lair:3   | Found a hole to the Spider Nest.
 15133 | Lair:4   | Found a staircase to the Slime Pits.
 15133 | Lair:4   | Found a viscous altar of Jiyva.
 15745 | Lair:4   | Noticed Sonja
 15753 | Lair:4   | Killed Sonja
 15988 | Lair:5   | Entered Level 5 of the Lair of Beasts
 16273 | Lair:5   | Reached XP level 14. HP: 136/175 MP: 15/15
 16785 | Lair:5   | Reached skill level 1 in Dodging
 17774 | D:11     | Paralysed by an ogre mage for 3 turns
 17973 | D:11     | Reached skill level 21 in Fighting
 17985 | D:11     | Found a shimmering blue altar of Sif Muna.
 17986 | D:11     | Found a stormy altar of Qazlal.
 17987 | D:11     | Found a burning altar of Makhleb.
 17987 | D:11     | Found an ancient bone altar of Kikubaaqudgha.
 18004 | D:11     | Reached skill level 5 in Dodging
 18066 | D:11     | Identified the +6 arbalest of Fedhas, Witching {antimagic,
                  | *Slow Will+ Int+5}
 18510 | D:12     | Reached XP level 15. HP: 185/187 MP: 16/16
 18727 | D:12     | Found a staircase to the Orcish Mines.
 19187 | D:12     | Identified the +0 ring mail of Lijo {rCorr}
 19265 | Orc:1    | Entered Level 1 of the Orcish Mines
 19460 | Orc:1    | Reached skill level 22 in Fighting
 19716 | Orc:2    | Entered Level 2 of the Orcish Mines
 19756 | Orc:2    | Found a staircase to the Elven Halls.
 19769 | Orc:2    | Found a frozen archway.
 19863 | IceCv    | Entered an ice cave
 19881 | IceCv    | Found a transporter.
 19888 | IceCv    | Found a transporter.
 20130 | Orc:2    | Found Xilegrash's Jewellery Boutique.
 20166 | Orc:2    | Found a radiant altar of Vehumet.
 20226 | Orc:2    | Noticed Nergalle
 20237 | Orc:2    | Found an ancient bone altar of Kikubaaqudgha.
 20242 | Orc:2    | Killed Nergalle
 20275 | Orc:2    | Paralysed by an orc sorcerer for 3 turns
 20360 | Orc:2    | Gained mutation: Your body sometimes deteriorates upon
                  | taking damage. [a neqoxec]
 20454 | Orc:2    | Found Otohuz's Distillery.
 20477 | Orc:2    | Found Opuocliw's Antique Armour Shop.
 20517 | Orc:2    | Found Jeuqomor's Antique Weapon Shop.
 20560 | Orc:2    | Lost mutation: Your body sometimes deteriorates upon taking
                  | damage. [potion of mutation]
 20560 | Orc:2    | Gained mutation: You are robust. (+10% HP) [potion of
                  | mutation]
 20560 | Orc:2    | Gained mutation: You have a pair of horns on your head.
                  | [potion of mutation]
 20560 | Orc:2    | Gained mutation: You are resistant to electric shocks.
                  | (rElec) [potion of mutation]
 21308 | D:3      | Upgraded the game from 0.31.0-7-gf635a9b802 to
                  | 0.31.0-11-ge490571c62
 21611 | Orc:2    | Bought the amulet "Oriduc" {Reflect rElec SH+5} for 792
                  | gold pieces
 21654 | Orc:2    | Bought a potion of haste for 160 gold pieces
 21654 | Orc:2    | Bought a potion of heal wounds for 80 gold pieces
 21654 | Orc:2    | Bought a potion of heal wounds for 80 gold pieces
 21654 | Orc:2    | Bought a potion of heal wounds for 80 gold pieces
 21654 | Orc:2    | Bought a potion of heal wounds for 80 gold pieces
 21654 | Orc:2    | Bought a potion of heal wounds for 80 gold pieces
 21973 | D:13     | Noticed Jorgrun
 22014 | D:13     | Killed Jorgrun
 22058 | D:13     | Found Ubuus's Armour Shop.
 22189 | D:13     | Found a gate to the Vaults.
 22713 | D:13     | Reached skill level 23 in Fighting
 22851 | D:14     | Reached skill level 1 in Armour
 22870 | D:14     | Found a shimmering altar of Xom.
 22873 | D:14     | Found a shimmering altar of Xom.
 23190 | D:14     | Found a shimmering altar of Xom.
 23190 | D:14     | Found a shimmering altar of Xom.
 23190 | D:14     | Found a shimmering altar of Xom.
 23190 | D:14     | Found a shimmering altar of Xom.
 23347 | D:14     | Identified the +4 ring mail of Wonderful Contentment
                  | {+Blink rF+++ rC- rCorr}
 23496 | D:14     | Identified the +0 buckler "Faroix" {rF+ rCorr Str+4}
 23534 | D:15     | Entered Level 15 of the Dungeon
 23596 | D:15     | Reached XP level 16. HP: 214/224 MP: 17/17
 23616 | D:15     | Found a staircase to the Depths.
 24044 | D:15     | Found Vytimo's Weapon Emporium.
 24167 | D:15     | Reached skill level 10 in Dodging
 24752 | Spider:1 | Entered Level 1 of the Spider Nest
 25620 | Spider:1 | Reached skill level 5 in Armour
 26784 | Spider:2 | Reached XP level 17. HP: 122/232 MP: 18/18
 28216 | Spider:3 | Found a runed translucent gate.
 28216 | Spider:3 | Found a runed translucent gate.
 28216 | Spider:3 | Found a runed translucent gate.
 28219 | Spider:3 | Noticed Feguytzu's ghost (journeyman GrMo)
 28729 | Spider:3 | Gained mutation: You sometimes lose your temper in combat.
                  | [mutagenic glow]
 28986 | Spider:4 | Entered Level 4 of the Spider Nest
 29244 | Spider:3 | Reached skill level 15 in Maces & Flails
 30391 | Spider:4 | Gained mutation: You occasionally lose the ability to read
                  | scrolls when taking damage. [mutagenic glow]
 30392 | Spider:4 | Lost mutation: You occasionally lose the ability to read
                  | scrolls when taking damage. [potion of mutation]
 30392 | Spider:4 | Lost mutation: You sometimes lose your temper in combat.
                  | [potion of mutation]
 30392 | Spider:4 | Gained mutation: You are partially covered in iridescent
                  | scales. (AC +2) [potion of mutation]
 30392 | Spider:4 | Gained mutation: You have a pair of large horns on your
                  | head. [potion of mutation]
 30392 | Spider:4 | Gained mutation: You expend magic power (3 MP) to
                  | strengthen your wands. [potion of mutation]
 30392 | Spider:4 | Gained mutation: You possess an exceptional clarity of
                  | mind. [potion of mutation]
 31156 | Spider:4 | Reached XP level 18. HP: 78/244 MP: 1/19
 31733 | Spider:4 | Identified the +0 pair of gloves of Gozag, Enchanting
                  | {+Blink Dex+3}
 31748 | Spider:4 | Got a gossamer rune of Zot
 31941 | Shoals:1 | Entered Level 1 of the Shoals
 32591 | Shoals:1 | Found a runed translucent door.
 32592 | Shoals:1 | Found a shimmering altar of Xom.
 32592 | Shoals:1 | Noticed Ashen's ghost (adept GnEn)
 32604 | Shoals:1 | Identified the +2 robe of Satisfaction {rElec Dex-3 Stlth+}
 32880 | Shoals:1 | Killed Ashen's ghost
 32884 | Shoals:1 | Identified the amulet "Dyguz" {Spirit rF+ Slay+2}
 32920 | Shoals:2 | Found the ring of the Octopus King
 33513 | Shoals:2 | Identified a ring of the Octopus King {rC+ HP+2 AC+2 EV+2
                  | SH+2}
 35027 | Shoals:3 | Found Tewozagytra's Book Boutique.
 35832 | Shoals:4 | Entered Level 4 of the Shoals
 37183 | Shoals:4 | Identified the +4 arbalest of Precise Incision {flame,
                  | Str+3}
 37386 | Shoals:4 | Reached XP level 19. HP: 131/254 MP: 11/20
 37818 | Shoals:4 | Slain by an alligator snapping turtle

Illustrated notes

Levels and vault maps discovered:
D:1:      psy_arrival_statuary, layout_basic, nicolae_ecumenical_snake_handling,
          serial_shops, shop
D:2:      layout_loops_ring, basic_altar, uniq_jessica
D:3:      layout_basic, serial_shops, nicolae_shop_drivethru
D:4:      layout_cave_pods, minmay_temple_entry_arrows,
          corexii_leaking_fountain, minmay_manual_maat
D:5:      layout_cave_pods, grunt_temple_overflow_open, serial_column_ruins,
          column_ruins_hut, column_ruins_open_tiny, column_ruins_open_small,
          column_ruins_corridor_water, column_ruins_grid_1,
          kennysheep_generic_room_15, uniq_pikel
D:6:      layout_loops_ring, enter_ossuary_4
D:7:      layout_cave_pools, serial_bayou_lagoon_a
D:8:      layout_basic, uniq_prince_ribbit1
D:9:      gammafunk_boulding_lane, layout_irregular_city, serial_shops,
          nicolae_lakefront_shop
D:10:     layout_basic, enter_bailey_3, uniq_lodul
D:11:     minmay_the_grid_octo_tiled_octocenter [minmay_the_grid_octo_toaster,
          minmay_the_grid_octo_pinwheel, minmay_the_grid_octo_teeth,
          minmay_the_grid_octo_shrine, minmay_the_grid_octo_prize_single_spiral,
          minmay_the_grid_square_5x5_tri_point,
          minmay_the_grid_square_5x5_eight,
          minmay_the_grid_square_5x5_three_walls,
          minmay_the_grid_square_5x5_bridge], layout_irregular_city,
          lair_entry_dummy, uniq_amaemon
D:12:     layout_loops_ring, kennysheep_orc_monster_closet_entryway,
          hangedman_cracks_in_the_wall
D:13:     layout_basic, david_vaults_5, serial_shops, nicolae_diamond_shop,
          uniq_jorgrun
D:14:     layout_loops_ring, xom_redecorated, drop_trap
D:15:     gammafunk_depths_entry_grave, layout_loops_ring, serial_shops, shop,
          minmay_misc_feat_square
Temple:   nicolae_temple_bog_church
Lair:1:   layout_cave_pods, basic_altar
Lair:2:   layout_gridlike, beast_lair_carwin_5
Lair:3:   layout_layer_cave, minmay_shoals_entry_lonely_mermaid,
          spider_nest_entry_rubble
Lair:4:   layout_layer_cave, nicolae_slime_entry_slimehenge, grunt_megastairs_3,
          infiniplex_staircase_pool, uniq_sonja
Lair:5:   hangedman_lair_caniforms_friends, layout_gridlike,
          hangedman_lair_in_review
Shoals:1: layout_shoals, ebering_ghost_xom
Shoals:2: layout_shoals
Shoals:3: layout_shoals, serial_shops, nicolae_book_shop_shelving
Shoals:4: shoals_end_grunt_ice, layout_shoals, nicolae_shoals_goliath_grotto
Spider:1: layout_spider_delve, hive_lemuel
Spider:2: layout_spider_delve, worms_lemuel
Spider:3: layout_spider_delve, gammafunk_ghost_necromancy
Spider:4: spider_rune_water, nicolae_spider_not_touching_you
Orc:1:    layout_caves
Orc:2:    kennysheep_orc_mage_school, layout_caves,
          portal_ice_cave_demonic_guard

Skill      XL: |  1  2  3  4  5  6  7  8  9 10 11 12 13 14 15 16 17 18 19 |
---------------+----------------------------------------------------------+-----
Fighting       | 5 6 9 12 14 16 19 20 21 23 | 23.0
Fire Magic     | 3 4 5 |  5.0
Maces & Flails | 4 5 6 8 12 13 16 20 | 20.0
Shields        | 7 10 12 14 15 17 | 17.2
Dodging        | 6 9 10 | 10.0
Armour         | 2 6 7 8 |  8.3
Spellcasting   | |  1.2

Action                     |  1- 3 |  4- 6 |  7- 9 | 10-12 | 13-15 | 16-18 | 19-21 || total
---------------------------+-------+-------+-------+-------+-------+-------+-------++-------
  Melee: Mace              |    89 |   125 |    55 |       |       |       |       ||   269
         Headbutt          |    10 |    22 |    62 |   216 |   365 |   456 |    13 ||  1144
         Punch             |     2 |     5 |     1 |       |       |       |       ||     8
         Whip              |       |       |   258 |   686 |       |       |       ||   944
         Demon whip        |       |       |       |   226 |  1531 |   614 |       ||  2371
         Great mace        |       |       |       |       |       |   914 |    61 ||   975
  Throw: Boomerang         |       |     4 |       |     2 |       |       |       ||     6
         Dart              |       |       |       |     3 |       |       |       ||     3
   Cast: Scorch            |     3 |    34 |    27 |     2 |       |       |       ||    66
 Invoke: Foxfire Swarm     |       |       |     1 |     1 |       |       |       ||     2
         Fiery Armour      |       |       |     1 |     1 |       |       |       ||     2
         Rising Flame      |       |       |       |       |       |     1 |       ||     1
  Evoke: Wand              |       |       |       |     4 |     4 |       |       ||     8
    Use: Scroll            |       |       |     9 |    16 |    11 |     8 |       ||    44
         Potion            |       |       |       |     1 |     2 |    22 |       ||    25
   Stab: Distracted        |       |       |       |       |     1 |       |       ||     1
         Petrified         |       |       |       |       |       |     1 |       ||     1
         Invisible         |       |       |       |       |       |    12 |       ||    12
 Armour: Robe              |    67 |    87 |    75 |       |       |       |       ||   229
         Troll leather arm |       |       |   102 |   456 |   613 |    62 |       ||  1233
         Fire dragon scale |       |       |       |       |       |  1739 |    42 ||  1781
  Dodge: Dodged            |    54 |    70 |   148 |   362 |   520 |   837 |    28 ||  2019
  Block: Kite shield       |       |       |    81 |   462 |   769 |   342 |       ||  1654
         Reflection        |       |       |       |       |    14 |    12 |       ||    26
         Other             |       |       |       |       |       |    57 |     7 ||    64
